 Dungeon Crawl Stone Soup version 0.25-a0-294-gea9b1ad (webtiles) character file.

Game seed: 15232168849127749727, levelgen mode: deterministic

679 MrTaco21 the Basher (level 7, 0/42 HPs)
             Began as a Gargoyle Fighter on Dec 17, 2019.
             Slain by a shadow imp (4 damage)
             ... while paralysed
             ... on level 5 of the Dungeon.
             The game lasted 00:07:30 (4330 turns).

MrTaco21 the Basher (Gargoyle Fighter)              Turns: 4330, Time: 00:07:30

Health: 0/42       AC: 11    Str: 21    XL:     7   Next: 60%
Magic:  7/7        EV:  2    Int:  9    God:
Gold:   296        SH:  0    Dex:  9    Spells: 6/6 levels left

rFire    . . .     SeeInvis .   a - +0 flail
rCold    . . .     Gourm    .   c - +0 shield
rNeg     + . .     Faith    .   b - +0 scale mail
rPois    ∞         Spirit   .   (no helmet)
rElec    +         Reflect  .   (no cloak)
rCorr    .         Harm     .   (no gloves)
MR       .....                  (no boots)
Stlth    ..........             (no amulet)
HPRegen  0.14/turn              (no ring)
MPRegen  0.10/turn              (no ring)

@: paralysed, fainting
A: negative energy resistance 1, electricity resistance, unbreathing,
petrification resistance, rot immunity, AC +4
a: no special abilities


You were on level 5 of the Dungeon.
You were fainting.

You visited 1 branch of the dungeon, and saw 5 of its levels.

You collected 296 gold pieces.

Inventory:

Hand Weapons
 a - a +0 flail (weapon)
Armour
 b - a +0 scale mail (worn)
 c - a +0 shield (worn)
 m - a +0 chain mail
   (You found it on level 3 of the Dungeon)
 n - a +0 helmet
   (You found it on level 4 of the Dungeon)
Wands
 u - a wand of paralysis (6)
   (You found it on level 4 of the Dungeon)
Scrolls
 f - a scroll of fear {unknown}
 j - a scroll of remove curse {unknown}
 k - 5 scrolls of identify {unknown}
 l - 3 scrolls of teleportation {unknown}
 o - a scroll of fog {unknown}
 p - a scroll of enchant armour {unknown}
Potions
 d - a potion of might
 g - 4 potions of curing {unknown}
 h - 2 potions of heal wounds {unknown}
 i - a potion of agility
Comestibles
 e - 7 rations {!d}


   Skills:
 + Level 3.9 Fighting
 + Level 8.1 Maces & Flails
 - Level 3.2 Armour
 - Level 3.2 Shields


You had 6 spell levels left.
You didn't know any spells.
Your spell library contained the following spells:

 Spells                   Type           Power        Failure   Level  Hunger
 Shock                    Conj/Air       #...         99%         1    ##.....
 Swiftness                Chrm/Air       #.......     100%        2    ###....
 Static Discharge         Conj/Air       #.......     100%        3    ####...
 Airstrike                Air            #.........   100%        4    #####..
 Lightning Bolt           Conj/Air       #.........   100%        5    ######.


Dungeon Overview and Level Annotations

Branches:
Dungeon (5/15)             Temple (0/1) D:5

Altars:
Sif Muna


Innate Abilities, Weirdness & Mutations

You are resistant to torment.
Your stone body is resilient. (AC +4)
You are immune to poison.
You resist negative energy. (rN+)
You are resistant to electric shocks. (rElec)
You can survive without breathing.
You are immune to petrification.
You are immune to rotting.


Message History

The adder bites you but does no damage. The shadow imp gestures at you.
You are unaffected.
You barely miss the bullfrog zombie. You block the bullfrog zombie's attack.
The hungry ghost hits you.
You feel somewhat more hungry. The crimson imp closely misses you.
The adder bites you.
* * * LOW HITPOINT WARNING * * *
The leopard gecko bites you but does no damage.
The orc hits you but does no damage.
The shadow imp hits you but does no damage.
You barely miss the bullfrog zombie.
The bullfrog zombie hits you but does no damage.
The leopard gecko barely misses you. The adder bites you but does no damage.
The hungry ghost hits you.
You are fainting from starvation!
The crimson imp hits you but does no damage.
The orc hits you but does no damage. You block the bullfrog zombie's attack.
The shadow imp closely misses you.
Unknown command.
You sock the bullfrog zombie!
You lose consciousness!
The adder bites you but does no damage. The leopard gecko bites you.
* * * LOW HITPOINT WARNING * * *
The hungry ghost hits you.
* * * LOW HITPOINT WARNING * * *
You feel slightly more hungry.
The crimson imp hits you but does no damage.
The bullfrog zombie barely misses you. The orc hits you but does no damage.
The shadow imp hits you.
* * * LOW HITPOINT WARNING * * *
The adder bites you but does no damage.
The leopard gecko bites you but does no damage.
The hungry ghost hits you.
You feel slightly more hungry.
The bullfrog zombie hits you but does no damage.
The crimson imp hits you but does no damage.
The adder bites you.
* * * LOW HITPOINT WARNING * * *
The leopard gecko bites you but does no damage.
The shadow imp hits you but does no damage.
The orc hits you but does no damage. The bullfrog zombie hits you.
* * * LOW HITPOINT WARNING * * *
The hungry ghost hits you.
* * * LOW HITPOINT WARNING * * *
You feel slightly more hungry. The adder bites you.
* * * LOW HITPOINT WARNING * * *
The crimson imp hits you but does no damage.
The leopard gecko bites you but does no damage.
The shadow imp hits you.
You die...

.. #####.###....... ...#.
#..........#?.. .....
.#.............
.....####...<.........
...........(....<....?
..........(...........
.......#...sal............
........ZS5oaZ...........
.........ZZ@5aZ......>....
.......#.lW#l.$.........
##.........O5...........
#...........#..........
#.#$##..........#.....
##...#......#......... ..
#...#..............#.
...##.#...................
...#........................


You could see a hungry ghost, an ogre, a scorpion, 3 worker ants, 2 crimson
imps, an adder, a shadow imp, an orc, a bullfrog zombie, a leopard gecko, 2
frilled lizards, 2 leopard gecko skeletons and 2 hound skeletons.

Vanquished Creatures
  A phantom (D:4)
  A centaur (D:5)
  2 scorpions (D:4)
  A howler monkey (D:2)
  2 hounds (D:4)
  A centaur skeleton (D:4)
  An iguana (D:4)
  2 worker ants (D:4)
  5 adders
  8 gnolls (D:3)
  An ooze (D:1)
  An adder skeleton (D:4)
  2 dart slugs
  2 worms
  2 leopard geckos
  3 orcs
  8 giant cockroaches
  2 goblins (D:1)
  4 hobgoblins (D:1)
  9 jackals
  6 kobolds
  2 quokkas
  2 ball pythons (D:3)
  A ball python skeleton (D:4)
  10 bats
  2 frilled lizards (D:3)
  2 quokka skeletons (D:4)
  10 rats
93 creatures vanquished.

Notes
Turn   | Place    | Note
-------+----------+-------------------------------------------
     0 | D:1      | MrTaco21 the Gargoyle Fighter began the quest for the Orb.
     0 | D:1      | Reached XP level 1. HP: 14/14 MP: 1/1
    99 | D:1      | Reached XP level 2. HP: 19/19 MP: 2/2
   180 | D:1      | Reached skill level 3 in Maces & Flails
   561 | D:1      | Reached XP level 3. HP: 23/23 MP: 3/3
   913 | D:2      | Reached skill level 4 in Maces & Flails
   913 | D:2      | Reached XP level 4. HP: 22/28 MP: 4/4
   924 | D:2      | Found a shimmering blue altar of Sif Muna.
  1794 | D:3      | Reached skill level 5 in Maces & Flails
  1794 | D:3      | Reached XP level 5. HP: 29/32 MP: 5/5
  2654 | D:3      | Found a faded altar of an unknown god.
  2718 | D:3      | Reached skill level 6 in Maces & Flails
  3045 | D:4      | Reached XP level 6. HP: 31/37 MP: 6/6
  3345 | D:4      | Reached skill level 7 in Maces & Flails
  3464 | D:4      | Noticed a phantom
  3479 | D:4      | Reached XP level 7. HP: 34/41 MP: 7/7
  3953 | D:5      | Entered Level 5 of the Dungeon
  3969 | D:5      | Found a staircase to the Ecumenical Temple.
  3970 | D:5      | Noticed a hungry ghost
  4323 | D:5      | Reached skill level 8 in Maces & Flails
  4328 | D:5      | Paralysed by fainting for 7 turns
  4330 | D:5      | Slain by a shadow imp

Levels and vault maps discovered:
D:1:      giann_wishing_wells, layout_basic
D:2:      layout_loops_corners, lemuel_crystal_altar, first_ration
D:3:      layout_basic, chequers_ecumenical_altar_grove
D:4:      layout_basic, roderic_batcave, minmay_fractal_squares_5
D:5:      layout_rooms, nicolae_qazlal_eye_of_the_storm, old_standard_altar,
          minmay_temple_entry_crystal_x

Skill      XL: |  1  2  3  4  5  6  7 |
---------------+----------------------+-----
Maces & Flails | 3 4 5 6 7 8 |  8.1
Fighting       | |  3.9
Armour         | |  3.2
Shields        | |  3.2

Action                   |  1- 3 |  4- 6 |  7- 9 || total
-------------------------+-------+-------+-------++-------
Melee: Flail             |   104 |   244 |    85 ||   433
  Eat: Chunk             |       |     7 |     1 ||     8
       Ration            |       |       |     1 ||     1
Armor: Scale mail        |    54 |   127 |   117 ||   298
Dodge: Dodged            |    40 |    81 |    54 ||   175
Block: Shield            |    59 |   150 |    71 ||   280

Table legend:
 A = Non-vault XP
 B = Vault XP
 C = Vault XP percentage of total XP
 D = Non-vault monster count
 E = Vault monster count
 F = Vault count percentage of total count
                 A         B        C        D         E       F
            +---------+---------+-------+---------+---------+-------
      Total |     851 |     119 |  12.3 |      82 |      11 |  11.8
            +---------+---------+-------+---------+---------+-------
        D:1 |      38 |       0 |   0.0 |      19 |       0 |   0.0
        D:2 |     116 |       0 |   0.0 |      14 |       0 |   0.0
        D:3 |     156 |       0 |   0.0 |      30 |       0 |   0.0
        D:4 |     431 |     119 |  21.6 |      18 |      11 |  37.9
        D:5 |     110 |       0 |   0.0 |       1 |       0 |   0.0
            +---------+---------+-------+---------+---------+-------
